 Dungeon Crawl Stone Soup version 0.22-a0-422-g9628fc8 (webtiles) character file.

207 Jynxie the Shooter (level 5, -2/45 HPs)
             Began as a Centaur Arcane Marksman on May 22, 2018.
             Was a Follower of the Shining One.
             Killed by nerve-wracking pain
             ... invoked by an orc priest
              (7 damage)
             ... on level 3 of the Dungeon.
             The game lasted 00:12:30 (2538 turns).

Jynxie the Shooter (Centaur Arcane Marksman)        Turns: 2538, Time: 00:12:31

Health: -2/45      AC:  6    Str: 12    XL:     5   Next: 54%
Magic:  6/6        EV: 10    Int: 12    God:    the Shining One [*.....]
Gold:   148        SH:  0    Dex: 11    Spells: 5/6 levels left

rFire    + . .     SeeInvis .   a - +0 shortbow
rCold    + . .     Gourm    .   (shield currently unavailable)
rNeg     . . .     Faith    .   e - +0 robe
rPois    .         Spirit   .   (no helmet)
rElec    .         Reflect  .   u - +1 cloak
rCorr    .         Harm     .   (no gloves)
MR       .....                  (no barding)
Stlth    +.........             w - amulet of the acrobat
HPRegen  0.15/turn              r - ring of protection from cold
MPRegen  0.10/turn              t - ring of protection from fire

@: lethally poisoned (-2 -> -3), glowing, very quick
A: large, hooves 3, deformed body, speed 2, tough skin 3
a: Renounce Religion


You were on level 3 of the Dungeon.
You worshipped the Shining One.
The Shining One was aware of your devotion.
You were not hungry.

You visited 1 branch of the dungeon, and saw 3 of its levels.

You collected 148 gold pieces.

Inventory:

Hand Weapons
 a - a +0 shortbow (weapon)
Missiles
 d - 39 arrows (quivered)
Armour
 e - a +0 robe (worn)
 k - a +0 large shield
 s - a +0 ring mail
 u - a +1 cloak (worn)
Jewellery
 r - a ring of protection from cold (left hand)
 t - a ring of protection from fire (right hand)
 w - an amulet of the acrobat (around neck)
Scrolls
 c - 2 scrolls of identify
 i - a scroll of amnesia
 j - a scroll of magic mapping
 n - a scroll of teleportation
Potions
 b - 2 potions of heal wounds
 g - a potion of berserk rage {unknown}
 h - 2 potions of ambrosia
 l - a potion of agility
 q - a potion of flight
Comestibles
 f - a ration
 m - 2 chunks of flesh


   Skills:
 * Level 3.3 Fighting
 * Level 4.9 Bows
 + Level 2.1 Dodging
 - Level 1.0 Spellcasting
 + Level 3.3 Hexes


You had 5 spell levels left.
You knew the following spells:

 Your Spells              Type           Power        Failure   Level  Hunger
a - Corona                Hex            #......      8%          1    ##.....

Your spell library contained the following spells:

 Spells                   Type           Power        Failure   Level  Hunger
 Cause Fear               Hex            #.........   58%         4    #####..
 Slow                     Hex            #.......     12%         2    ###....
 Confuse                  Hex            #.......     22%         3    ####...
 Confusing Touch          Hex            #.....       8%          1    ##.....
 Metabolic Englaciation   Hex/Ice        #.........   99%         5    ######.
 Portal Projectile        Hex/Tloc       #.....       41%         3    ####...
 Petrify                  Tmut/Erth      #.......     96%         4    #####..
 Leda's Liquefaction      Hex/Erth       #.........   83%         4    #####..
 Inner Flame              Hex/Fire       #.......     41%         3    ####...
 Gell's Gravitas          Tloc           #.........   65%         3    ####...
 Yara's Violent Unravell  Hex/Tmut       #.........   99%         5    ######.


Dungeon Overview and Level Annotations

Branches:
Dungeon (3/15)

Altars:
The Shining One


Innate Abilities, Weirdness & Mutations

You have hooves in place of feet.
Armour fits poorly on your strangely shaped body.
You cover ground very quickly.
You have extremely tough skin. (AC +3)


Message History

Press: ? - help, Shift-Dir - straight line, f/p - adder
Aim: an adder (almost dead, haloed)
You shoot an arrow. The arrow hits the adder!
You kill the adder!
The orc priest hits you with a mace!
* * * LOW HITPOINT WARNING * * *
Firing (i - inventory)
d - 41 arrows (quivered)
Press: ? - help, Shift-Dir - straight line, f - orc priest
Aim: an orc priest, wielding a mace and wearing a cabochon ring (haloed)
You shoot an arrow. The arrow barely misses the orc priest.
The orc priest hits you but does no damage.
Firing (i - inventory)
d - 40 arrows (quivered)
Press: ? - help, Shift-Dir - straight line, f/p - orc priest
Aim: an orc priest, wielding a mace and wearing a cabochon ring (haloed)
You shoot an arrow.
The arrow hits the orc priest but does no damage.
You feel sick.
The orc priest invokes the aid of Beogh against you.
Pain shoots through your body!
You die...

,,+,,,,,,,,,,,* #[#
*,,, ***,,,,,,,,,,,*
#.# *,,,
*******#******#.# *,,,
*,,,,,..,,,,*#.# *,,,
****,,,,,...,,,*#.#
*,,,
,,,,,,,,,....,,*#.#
**,,,
***,,,,,,.....,##.#####
*,,,,
*,,,,,,,>......#......#
*,,,,
*,*,,,,,,(.....(@.....#
*,,,,
*,*,,,,,,......o......#
*,,,,
,,,,,,,,,.............#
*,,,,
,,*,,,,,,....(..#.#####
*,,,,
***,*****########.#
*,,,, *,,,,,,,,,,,,,..#
*,,,, ***************##
*****
****,,,,,,,,,******
*,,,,,,,*,,,,,,,,,*


You could see an orc priest.

Vanquished Creatures
  A bullfrog skeleton (D:2)
  Crazy Yiuf (D:2)
  Jessica (D:2)
  4 adders
  4 oozes (D:1)
  A dart slug (D:2)
  A leopard gecko (D:1)
  4 orcs (D:3)
  A giant cockroach (D:3)
  10 goblins
  3 hobgoblins
  10 jackals
  5 kobolds
  2 ball pythons (D:2)
  8 bats
  3 frilled lizards
  5 rats
64 creatures vanquished.

Notes
Turn   | Place    | Note
-------+----------+-------------------------------------------
     0 | D:1      | Jynxie the Centaur Arcane Marksman began the quest for the Orb.
     0 | D:1      | Reached XP level 1. HP: 16/16 MP: 2/2
   208 | D:1      | Reached skill level 3 in Bows
   305 | D:1      | Reached XP level 2. HP: 19/23 MP: 3/3
   505 | D:1      | Reached XP level 3. HP: 29/29 MP: 4/4
   979 | D:2      | Reached skill level 4 in Bows
   979 | D:2      | Reached XP level 4. HP: 25/37 MP: 5/5
  1223 | D:2      | Noticed Jessica
  1232 | D:2      | Killed Jessica
  1379 | D:2      | Found a faded altar of an unknown god.
  1417 | D:2      | Reached XP level 5. HP: 43/44 MP: 6/6
  1420 | D:2      | Became a worshipper of the Shining One
  1420 | D:2      | Reached * piety under the Shining One
  1967 | D:2      | Found a runed door.
  1971 | D:2      | Noticed Crazy Yiuf
  2010 | D:2      | Killed Crazy Yiuf
  2538 | D:3      | Killed from afar by an orc priest

Vault maps used:
D:1:      tarquinn_simple_flora_water_f, minmay_misc_feat_pillars
D:2:      chequers_ecumenical_altar_island, uniq_jessica,
          uniq_crazy_yiuf_cottage

Skill      XL: |  1  2  3  4  5 |
---------------+----------------+-----
Bows           | 3 4 |  4.9
Fighting       | 2 3 |  3.3
Hexes          | 3 |  3.3
Dodging        | 2 |  2.1
Spellcasting   | |  1.0

Action                   |  1- 3 |  4- 6 || total
-------------------------+-------+-------++-------
 Fire: Shortbow          |    89 |   137 ||   226
 Cast: Corona            |     6 |     3 ||     9
  Use: Scroll            |       |    12 ||    12
  Eat: Chunk             |       |     1 ||     1
       Ration            |       |     1 ||     1
Armor: Robe              |    11 |    19 ||    30
Dodge: Dodged            |    16 |    17 ||    33

Table legend:
 A = Spawn XP
 B = Non-spawn XP
 C = Spawn XP percentage of total XP
 D = Spawn monster count
 E = Non-spawn monster count
 F = Spawn count percentage of total count
 G = Total turns spent on level
                    A         B        C        D         E        F      G
               +---------+---------+-------+---------+---------+-------+---------
         Total |       0 |     296 |   0.0 |       0 |      64 |   0.0 |  2538
               +---------+---------+-------+---------+---------+-------+---------
           D:1 |       0 |      68 |   0.0 |       0 |      26 |   0.0 |   881
           D:2 |       0 |     176 |   0.0 |       0 |      24 |   0.0 |  1461
           D:3 |       0 |      52 |   0.0 |       0 |      14 |   0.0 |   196
               +---------+---------+-------+---------+---------+-------+---------
